AoeStats
← poposchmatz3031

Golden Pit

509072457Analyzed
1v1 RM · 7d ago on Sep 25, 2026· 46m 39s· 2 players
Game mode
Random Map
Map size
Tiny (2 player)
Population
200
Speed
Normal
Resources
Standard
Victory
Conquest
Starting age
Dark Age
Ending age
Imperial Age
RankedLock teamsTeams togetherTeam positionsShared explorationLock speedFull tech treeHidden civsTurbo modeCheats
Victory
Defeat
🇯🇵 Burmese · Japan
1181
+15
🇩🇪 Malay · Germany
1167
-15
poposchmatz3031
7:16 Loom
9:45 Feudal Age
9:42 Double-Bit Axe
13:35 Forging
19:09 Castle Age
18:09 Horse Collar
19:13 Scale Barding Armor
20:24 Fletching
20:17 Crossbowman
21:46 Bodkin Arrow
22:06 Bow Saw
23:29 Padded Archer Armor
25:22 Gold Mining
32:42 Ballistics
34:43 Wheelbarrow
35:56 Thumb Ring
36:57 Gold Shaft Mining
38:21 Stone Mining
39:36 Leather Archer Armor
40:49 Elite Skirmisher
7662200
8:30 Loom
10:36 Feudal Age
14:50 Castle Age
14:27 Horse Collar
25:09 Town Watch
31:33 Fletching
33:09 Wheelbarrow
32:58 Herbal Medicine
35:12 Heavy Plow
36:45 Hand Cart
37:38 Bodkin Arrow
41:33 Stone Mining
41:34 Gold Mining
42:04 Town Patrol
42:57 Scale Barding Armor
43:02 Forging
43:09 Padded Archer Armor
43:09 Scale Mail Armor
43:25 Husbandry
43:35 Bloodlines
42:46 Light Cavalry
46:33 Chain Barding Armor
46:49 Iron Casting
Connection lost

Rejoining the realm…

Still unreachable

The connection could not be restored.

Session expired

The server has moved on; the page needs a fresh start.